 Dungeon Crawl Stone Soup version 0.31-a0-801-gc67433417a (webtiles) character file.

Game seed: 13283352986944271629

5090 GordonOverkill the Destroyer (level 10, -13/84 HPs)
             Began as a Deep Elf Delver on Sept 20, 2023.
             Was a Follower of Vehumet.
             Blown up by an eye of devastation (21 damage)
             ... with a bolt of energy
             ... on level 9 of the Dungeon.
             The game lasted 00:23:04 (10904 turns).

GordonOverkill the Destroyer (Deep Elf Delver)     Turns: 10904, Time: 00:23:05

Health: -13/84     AC: 25    Str:  9    XL:     10   Next: 32%
Magic:  35/35      EV:  2    Int: 20    God:    Vehumet [*.....]
Gold:   196        SH:  0    Dex: 16    Spells: 25/29 levels left

rFire   . . .        l - +1 dagger (venom)
rCold   . . .        h - +0 buckler
rNeg    . . .        w - melded +1 ring mail {rF+}
rPois   +            O - melded +0 helmet
rElec   .            (cloak currently unavailable)
rCorr   .            (gloves currently unavailable)
SInv    .            m - melded +1 pair of boots
Will    ++...        e - amulet of magic regeneration
Stlth   +            u - ring of magical power
HPRegen 0.34/turn    y - ring of willpower
MPRegen 0.64/turn

%: no passive effects
@: confused, tree-form, ambrosia-drunk, invisible
A: stationary, stasis, torment immunity, boosted hp
a: Renounce Religion


You were on level 9 of the Dungeon.
You worshipped Vehumet.
Vehumet was aware of your devotion.
You were a tree.
You visited 2 branches of the dungeon, and saw 11 of its levels.

You collected 510 gold pieces.
You spent 314 gold pieces at shops.

Inventory:

Hand Weapons
 l - a +1 dagger of venom (weapon)
 B - the +10 flail "Elikhlosa" {elec, Will+}
   (You took it off an orc wizard on level 8 of the Dungeon)

   Will+:     It increases your willpower.
 K - a +2 short sword of protection
Missiles
 i - a javelin (quivered)
 k - 5 boomerangs
 z - a throwing net
Armour
 b - a +0 leather armour
 h - a +0 buckler (worn)
 m - a +1 pair of boots (melded)
 w - a +1 ring mail of fire resistance (melded)
 O - a +0 helmet (melded)
Jewellery
 e - an amulet of magic regeneration (around neck)
 r - an amulet of regeneration
 u - a ring of magical power (left branch)
 y - a ring of willpower (right branch)
 L - a ring of protection from fire
 P - a ring of fire
Wands
 g - a wand of digging (1)
 G - a wand of polymorph (15)
Scrolls
 c - a scroll of fog
 d - 4 scrolls of revelation
 j - a scroll of acquirement {unknown}
 o - 3 scrolls of teleportation
 p - a scroll of noise {unknown}
 s - 5 scrolls of amnesia {unknown}
 t - a scroll of brand weapon {unknown}
 v - 3 scrolls of blinking
 A - a scroll of summoning {unknown}
 C - 5 scrolls of immolation {unknown}
 D - 3 scrolls of identify
 E - a scroll of enchant armour {unknown}
 F - a scroll of enchant weapon {unknown}
 M - a scroll of poison {unknown}
Potions
 f - 2 potions of haste
 q - 3 potions of cancellation
 x - a potion of lignification
 I - a potion of enlightenment


   Skills:
 - Level 4.0 Fighting
 - Level 3.0 Short Blades
 - Level 3.0 Dodging
 - Level 6.0 Stealth
 - Level 5.0 Shields
 - Level 10.0 Spellcasting
 + Level 10.4 Conjurations
 - Level 3.0 Air Magic
 - Level 2.0 Poison Magic
 - Level 3.0 Evocations


You had 25 spell levels left.
You knew the following spells:

 Your Spells              Type           Power      Damage    Failure   Level
a - Magic Dart            Conj           100%       1d8       1%          1
b - Mephitic Cloud        Conj/Pois/Air  30%        N/A       3%          3

Your spell library contained the following spells:

 Spells                   Type           Power      Damage    Failure   Level
 Freeze                   Ice            40%        1d6       10%         1
 Poisonous Vapours        Pois/Air       40%        N/A       5%          2
 Call Imp                 Summ           20%        N/A       16%         2
 Freezing Cloud           Conj/Ice/Air   13%        6-21      41%         5
 Orb of Destruction       Conj           25%        9d9       75%         7


Dungeon Overview and Level Annotations

Branches:
Dungeon (10/15)            Temple (1/1) D:6
   Lair: D:8-11         Orc: D:9-12

Altars:
Ashenzari
Cheibriados
Dithmenos
Elyvilon
Fedhas
Gozag
Hepliaklqana
Kikubaaqudgha
Makhleb
Nemelex Xobeh
Okawaru
Qazlal
Ru
Sif Muna
Trog
Uskayaw
Vehumet
Wu Jian
Xom
Yredelemnul
Zin
The Shining One

Shops:
D:4 (   D:5 *   D:8 ?   D:9 :


Message History

The eye of devastation is lightly wounded.
The stinking cloud engulfs you but does no damage.
The stinking cloud engulfs the slime creature but does no damage.
You hit the eye of devastation but do no damage.
The eye of devastation looks as sick as possible!
The eye of devastation is lightly wounded.
The eye of devastation is engulfed in noxious fumes.
The eye of devastation appears confused.
You completely miss the eye of devastation.
The eye of devastation is lightly wounded.
The eye of devastation is engulfed in noxious fumes.
You hit the eye of devastation but do no damage.
The eye of devastation looks as sick as possible!
The eye of devastation is moderately wounded.
You hit the eye of devastation but do no damage.
The eye of devastation looks as sick as possible!
The eye of devastation is moderately wounded.
The eye of devastation is engulfed in noxious fumes.
You hit the eye of devastation but do no damage.
The eye of devastation looks as sick as possible!
The eye of devastation is moderately wounded.
The eye of devastation is engulfed in noxious fumes.
You catch the helpless eye of devastation completely off-guard!
You puncture the eye of devastation!
The eye of devastation looks as sick as possible!
The eye of devastation is heavily wounded.
You hit the eye of devastation.
The eye of devastation looks as sick as possible!
The eye of devastation is heavily wounded.
The eye of devastation seems less confused.
The eye of devastation gazes at you. The bolt of energy hits you!!!
* * * LOW HITPOINT WARNING * * *
Okay, then.
Unknown command.
You are confused.
You feel invigorated. The eye of devastation gazes at you.
The bolt of energy hits you!!
You die...

#........# #####..#####).#..#
#.####.#.###................# #.#
#....##.###.........#..# #.#
##....##.# #.#####.###... #.#
#........###.# #.# ##.#
###.###............# #.# #.#
##8≈.≈8##.......##### #.# #.#
##8≈..§≈8##...##.# #.# #.#
#8≈...§.≈8#...##♣# #.# #.#
8≈...≈..§≈8#.###G# #.# #..
≈...≈8§...≈#.# #J# #.# ###
...≈8#8≈.....# #.##### #.#
≈...§8≈...≈..# #.# ...####[#
8≈...§.§§≈8### #.##.#...##.##
#8§.....≈8######....#...#...#####
##8≈...≈8##.......#####).).......
##8≈.≈8##..#####...#...#....####


You could see a slime creature (unable to see you) and an eye of devastation
(extremely poisoned).

Vanquished Creatures
  Jeremiah (D:7)
  A slime creature (D:8)
  A wraith (D:10)
  Eustachio (D:6)
  8 yaks
  A chaos spawn (D:9)
  A water moccasin (D:9)
  A sky beast (D:7)
  2 orc warriors
  An ogre (D:5)
  8 centaurs
  2 phantoms
  A bullfrog (D:6)
  Blork the orc (D:6)
  A scorpion (D:5)
  7 killer bees
  6 howler monkeys
  3 jellies
  4 hounds
  2 crimson imps (D:9)
  A quasit (D:9)
  9 orc priests
  3 sleepcaps
  9 orc wizards
  4 gnolls
  3 adders
  3 shadow imps (D:9)
  A white imp (D:6)
  3 worms
  4 dart slugs
  21 orcs
  9 endoplasms
  4 giant cockroaches
  5 goblins
  13 hobgoblins
  4 jackals (D:3)
  5 quokkas
  8 ball pythons
  9 bats
  A frilled lizard (D:1)
  6 kobolds
  6 rats
184 creatures vanquished.

Notes
Turn   | Place    | Note
-------+----------+-------------------------------------------
     0 | D:5      | GordonOverkill the Deep Elf Delver began the quest for the
                  | Orb.
     0 | D:5      | Reached XP level 1. HP: 13/13 MP: 3/3
    63 | D:7      | Noticed a centaur
    83 | D:6      | Found a glowing golden altar of the Shining One.
   125 | D:6      | Noticed a sleepcap
   173 | D:5      | Found Doqasoit's Overcharged Wands.
   223 | D:4      | Reached skill level 1 in Evocations
   238 | D:4      | Reached XP level 2. HP: 18/18 MP: 4/4
   351 | D:4      | Reached XP level 3. HP: 20/22 MP: 5/5
   421 | D:4      | Reached XP level 4. HP: 22/28 MP: 6/6
   439 | D:4      | Found Heocsy's Antique Weapon Boutique.
  1175 | D:1      | Reached skill level 1 in Spellcasting
  1355 | D:1      | Reached XP level 5. HP: 32/32 MP: 10/10
  2580 | D:3      | Reached skill level 1 in Conjurations
  3621 | D:4      | Reached XP level 6. HP: 37/37 MP: 13/13
  3882 | D:4      | Found a snail-covered altar of Cheibriados.
  4195 | D:5      | Reached skill level 5 in Spellcasting
  4437 | D:5      | Reached XP level 7. HP: 15/41 MP: 18/18
  4956 | D:5      | Found a sparkling altar of Nemelex Xobeh.
  5018 | D:6      | Reached skill level 5 in Conjurations
  5173 | D:6      | Found an ancient bone altar of Kikubaaqudgha.
  5195 | D:6      | Found a staircase to the Ecumenical Temple.
  5203 | Temple   | Entered the Ecumenical Temple
  5751 | D:6      | Found a radiant altar of Vehumet.
  5756 | D:6      | Got an antique book
  5759 | D:6      | Found a shimmering blue altar of Sif Muna.
  5775 | D:6      | Became a worshipper of Vehumet
  5792 | D:6      | Noticed Eustachio
  5814 | D:6      | Killed Eustachio
  5815 | D:6      | Reached skill level 1 in Shields
  5917 | D:6      | Reached XP level 8. HP: 10/46 MP: 19/19
  6082 | D:6      | Noticed Blork the orc
  6089 | D:6      | Killed Blork the orc
  6327 | D:7      | Learned a level 1 spell: Magic Dart
  6335 | D:7      | Noticed Jeremiah
  6343 | D:7      | Killed Jeremiah
  6477 | D:7      | Reached skill level 5 in Shields
  6820 | D:7      | Found a shimmering altar of Xom.
  7405 | D:8      | Found Boifeuph's Magic Scroll Emporium.
  7409 | D:8      | Bought a scroll of teleportation for 42 gold pieces
  7445 | D:8      | Reached XP level 9. HP: 26/50 MP: 23/23
  7668 | D:8      | Identified the +10 flail "Elikhlosa" {elec, Will+}
  7838 | D:8      | Reached skill level 10 in Spellcasting
  7976 | D:8      | Reached * piety under Vehumet
  7976 | D:8      | Offered knowledge of Freeze by Vehumet.
  8255 | D:8      | Found an opulent altar of Gozag.
  8291 | D:8      | Found a stormy altar of Qazlal.
  8291 | D:8      | Found a sacrificial altar of Ru.
  8715 | D:9      | Found a white marble altar of Elyvilon.
  8802 | D:9      | Reached skill level 10 in Conjurations
  9068 | D:9      | Reached XP level 10. HP: 22/56 MP: 26/26
  9478 | D:9      | Found Uthrovaez's Tiny Tomes.
  9483 | D:9      | Bought Asmodeus's Atlas of Blasting for 272 gold pieces
  9487 | D:9      | Learned a level 3 spell: Mephitic Cloud
  9863 | D:9      | Found a shadowy altar of Dithmenos.
  9978 | D:10     | Entered Level 10 of the Dungeon
 10003 | D:9      | Reached skill level 1 in Air Magic
 10430 | D:10     | Reached skill level 1 in Poison Magic
 10887 | D:9      | a slime creature changed into an eye of devastation
 10887 | D:9      | Noticed an eye of devastation
 10903 | D:9      | HP: 2/84 [disintegration (40)]
 10904 | D:9      | Blown up by an eye of devastation

Illustrated notes

Levels and vault maps discovered:
D:1:      dpeg_arrival_water_fire, layout_basic, minmay_tetromino_l2
D:2:      layout_basic, lightli_corner_chamber
D:3:      layout_basic, nicolae_elevator_lobby_asterisk
D:4:      layout_cave_pools, chei_slow_surprise, serial_shops,
          nicolae_shop_overgrown_old_shop
D:5:      layout_loops_ring, mainiacjoe_overflow_alcove_4, minivault_26,
          nicolae_shop_overcharged_wands
D:6:      layout_basic, grunt_temple_overflow_magic_moments, tso_metal_star,
          minmay_temple_entry_large_hall, uniq_eustachio, uniq_blork_the_orc
D:7:      layout_gridville, nicolae_overflow_crystal_walls, chequers_jeans,
          uniq_jeremiah
D:8:      layout_rooms, minitemple, serial_shops, nicolae_shop_hallway_stairs
D:9:      layout_loops_ring, elyvilon_altar_5, mainiacjoe_overflow_alcove_2,
          nicolae_shop_i_like_small_books_too, nicolae_demonic_statue_gallery
D:10:     minmay_smoke_and_mirrors, layout_gridville, lair_entry_dummy,
          kennysheep_generic_room_10
Temple:   cyrus_temple_forest

Skill      XL: |  1  2  3  4  5  6  7  8  9 10 |
---------------+-------------------------------+-----
Evocations     | 2 3 |  3.0
Fighting       | 3 4 |  4.0
Short Blades   | 3 |  3.0
Dodging        | 3 |  3.0
Spellcasting   | 2 3 6 8 10 | 10.0
Conjurations   | 3 4 6 10 | 10.4
Shields        | 2 5 |  5.0
Air Magic      | 3 |  3.0
Poison Magic   | 2 |  2.0
Stealth        | |  6.0

Action                     |  1- 3 |  4- 6 |  7- 9 | 10-12 || total
---------------------------+-------+-------+-------+-------++-------
  Melee: Short sword       |     9 |       |       |    45 ||    54
         Dagger            |    10 |   249 |   380 |    76 ||   715
         Punch             |     2 |       |       |       ||     2
  Throw: Javelin           |    12 |     4 |     6 |     2 ||    24
   Cast: Magic Dart        |       |       |    33 |    27 ||    60
         Mephitic Cloud    |       |       |       |     3 ||     3
  Evoke: Wand              |     4 |     5 |    14 |     9 ||    32
    Use: Scroll            |       |     6 |     3 |       ||     9
         Potion            |       |       |     6 |     4 ||    10
   Stab: Sleeping          |       |    21 |    10 |       ||    31
         Invisible         |       |       |     2 |       ||     2
         Confused          |       |       |       |     3 ||     3
 Armour: Leather armour    |     4 |    55 |       |       ||    59
         Ring mail         |       |    55 |   308 |    86 ||   449
         Skin              |       |       |       |     6 ||     6
  Dodge: Dodged            |    13 |   117 |   195 |    58 ||   383
  Block: Buckler           |       |       |    91 |    32 ||   123

Table legend: (Time is in decaauts)
 A = Elapsed time spent in this place.
 B = Non-inter-level travel time spent in this place.
 C = Inter-level travel time spent in this place.
 D = Time resting spent in this place.
 E = Time spent auto-exploring this place.
 F = Levels seen in this place.
 G = Mean time per level.
                   A        B        C        D        E       F      G
               +--------+--------+--------+--------+--------+-----+--------+
         Total |  10864 |  10109 |    755 |   2874 |   4787 |  11 |  987.6 |
       Dungeon |  10862 |  10107 |    755 |   2874 |   4787 |  10 | 1086.2 |
        Temple |      1 |      1 |      0 |      0 |      0 |   1 |    1.0 |
               +--------+--------+--------+--------+--------+-----+--------+

Top non-repeatable levels by time:
     D:9: 1848 daAuts
     D:8: 1502 daAuts
     D:6: 1341 daAuts
     D:3: 1233 daAuts
     D:1: 1006 daAuts
     D:5: 1006 daAuts
     D:7: 936 daAuts
     D:4: 832 daAuts
     D:2: 822 daAuts
    D:10: 331 daAuts
  Temple: 1 daAuts
